[Event "Titled Tuesday Blitz May 31 Early 2022"]
[White "Baker, Chris W"]
[Black "Nguyen Hong Nhung"]
[WhiteFideId "401676"]
[BlackFideId "12412201"]
[WhiteElo "2260"]
[BlackElo "1758"]
[Result "0-1"]
[Round "04"]
[TimeControl "180+1"]
[Date "2022.06.01"]
[WhiteClock "0:00:01"]
[BlackClock "0:00:04"]

1. e4 c5 2. Nf3 e6 3. Nc3 Nc6 4. Bb5 Nd4 5. Bc4 a6 6. Nxd4 cxd4 7. Ne2 b5 8. Bd3 Bc5 9. O-O Bb7 10. c3 dxc3 11. bxc3 d5 12. Ng3 Ne7 13. Bc2 d4 14. cxd4 Bxd4 15. Rb1 O-O 16. Ne2 Ba7 17. d4 Rc8 18. Be3 Qc7 19. Bd3 Rfd8 20. Qc1 Qa5 21. Qb2 Nc6 22. Rbc1 Qa4 23. Bc2 Qb4 24. Qxb4 Nxb4 25. Bb3 Bxe4 26. Ng3 Bd3 27. Rfd1 Bg6 28. Rxc8 Rxc8 29. h4 h6 30. h5 Bh7 31. d5 Bxe3 32. fxe3 exd5 33. a3 Nd3 34. Bxd5 Kf8 35. e4 Rc3 36. Rf1 f6 37. Ne2 Rxa3 38. Nd4 Bg8 39. Bxg8 Kxg8 40. Rd1 Kf7 41. Nf5 Ne5 42. Rd8 Ra1+ 43. Kh2 Ra3 44. g3 b4 45. Rb8 a5 46. Rb7+ Kf8 47. Rb8+ Kf7 48. Rb7+ Ke8 49. Rxg7 Ra2+ 50. Kh3 b3 51. Rb7 a4 52. Nd6+ Kf8 53. Rb8+ Ke7 54. Nf5+ Kd7 55. Rb7+ Kc6 56. Rb8 b2 57. Ne7+ Kd7 58. Nd5 a3 59. Nxf6+ Ke6 60. Rb6+ Kf7 61. Nd5 Ra1 62. Rb7+ Ke6 63. Rb6+ Kd7 64. Rb7+ Kc6 65. Rb6+ Kc5 0-1


[Site "https://www.chess.com"]

[Event "Titled Tuesday Blitz May 31 Early 2022"]
[White "Bashirli, Saadat"]
[Black "Derraugh, Geordie"]
[WhiteFideId "13429990"]
[BlackFideId "2603950"]
[WhiteElo "1173"]
[BlackElo "2116"]
[Result "0-1"]
[Round "04"]
[TimeControl "180+1"]
[Date "2022.06.01"]
[WhiteClock "0:00:21"]
[BlackClock "0:00:11"]

1. Nf3 Nf6 2. g3 g6 3. Bg2 Bg7 4. O-O O-O 5. d3 c5 6. c4 Nc6 7. Nc3 d5 8. cxd5 Nxd5 9. Nxd5 Qxd5 10. Bf4 Bxb2 11. Ne5 Qe6 12. Nxc6 bxc6 13. Rb1 Bd4 14. e3 Bg7 15. Qa4 Bd7 16. Rb7 a5 17. Rxd7 Qxd7 18. Bxc6 Qxd3 19. Bxa8 Rxa8 20. Qc6 Qd8 21. Qxc5 Rc8 22. Qb5 Bc3 23. Rc1 Bb4 24. Qf1 Ra8 25. Qc4 Qb6 26. Bh6 Qd8 27. Qc2 f6 28. Qc4+ Kh8 29. Qf7 Qg8 30. Qc4 Qxc4 31. Rxc4 Kg8 32. Rc7 g5 33. h4 Bd6 34. Rb7 gxh4 35. gxh4 Kf7 36. Bf4 Bxf4 37. exf4 Rc8 38. Rb5 Rc4 39. Rxa5 Rxf4 40. Rh5 Kg6 41. Ra5 Rxh4 42. a4 Rb4 43. Ra8 h5 44. a5 Ra4 45. a6 Kf5 46. a7 h4 47. Rh8 Rxa7 48. Rxh4 e5 49. Kg2 Ra3 50. f3 Kg5 51. Rb4 f5 52. Kf2 Ra2+ 53. Ke3 Ra3+ 54. Kf2 f4 55. Re4 Kf5 56. Rb4 Re3 57. Rc4 Ra3 58. Rb4 Ra2+ 59. Kf1 Rd2 60. Rb3 Ke6 61. Rb5 Rd5 62. Rb6+ Rd6 63. Rb5 Rd2 64. Ke1 Rc2 65. Kf1 Kd6 66. Ra5 Rc5 67. Ra6+ Kd5 68. Ra4 Rc4 69. Ra3 Kd4 70. Ke2 Rc2+ 71. Ke1 Rc3 72. Ra4+ Ke3 73. Re4+ Kxf3 74. Rxe5 Rc1+ 75. Kd2 Rf1 76. Re8 Kf2 77. Rf8 f3 78. Rf7 Ra1 79. Rf8 Kg2 80. Rg8+ Kf1 81. Rf8 f2 82. Ke3 Ra3+ 83. Kd2 Kg2 84. Ke2 Ra2+ 85. Ke3 f1=Q 86. Rxf1 Kxf1 87. Kd3 Re2 88. Kc3 Kf2 89. Kb3 Ke3 90. Kc4 Rd2 91. Kc5 Rd4 92. Kb5 Ke4 93. Kc5 Rd5+ 94. Kc6 Ke5 95. Kb6 Kd6 96. Ka6 Rc5 97. Kb6 Kd5 98. Ka6 Kc6 99. Ka7 Rb5 100. Ka6 Rc5 101. Ka7 Kc7 102. Ka6 Rd5 103. Ka7 Ra5# 0-1


[Site "https://www.chess.com"]

[Event "Titled Tuesday Blitz May 31 Early 2022"]
[White "Bharath Subramaniyam H"]
[Black "Terry, Renato"]
[WhiteFideId "46634827"]
[BlackFideId "3803457"]
[WhiteElo "2242"]
[BlackElo "2577"]
[Result "1-0"]
[Round "04"]
[TimeControl "180+1"]
[Date "2022.05.31"]
[WhiteClock "0:00:20"]
[BlackClock "0:00:02"]

1. c4 b6 2. Nc3 Bb7 3. e4 c5 4. Nf3 g6 5. b3 Bg7 6. Bb2 Nc6 7. d3 e6 8. g3 Nge7 9. Bg2 d5 10. exd5 exd5 11. cxd5 Nxd5 12. Nxd5 Bxb2 13. Qe2+ Kd7 14. Qxb2 Re8+ 15. Kf1 Re6 16. Ng5 Qxg5 17. Qg7 Nd8 18. Nf4 Bxg2+ 19. Kxg2 Re7 20. Rhe1 Ne6 21. Nxe6 fxe6 22. Qc3 Qd5+ 23. Kg1 Rf8 24. Re5 Qf3 25. Qd2 Ref7 26. Rf1 Rf5 27. d4 Rxe5 28. dxe5+ Qd5 29. Qe2 Ke7 30. Rd1 Qf3 31. Qd2 Kf7 32. Qd7+ Kg8 33. Qxe6+ Kh8 34. Rd2 Qe4 35. Rd1 Qe2 36. Rf1 Rf5 37. Qe8+ Kg7 38. e6 Rd5 39. e7 Rf5 40. Qd8 Re5 41. Qf8# 1-0


[Site "https://www.chess.com"]

[Event "Titled Tuesday Blitz May 31 Early 2022"]
[White "Bluebaum, Matthias"]
[Black "Gallo Garcia, Kemel Antonio"]
[WhiteFideId "24651516"]
[BlackFideId "3523896"]
[WhiteElo "2556"]
[BlackElo "2359"]
[Result "1-0"]
[Round "04"]
[TimeControl "180+1"]
[Date "2022.05.31"]
[WhiteClock "0:01:58"]
[BlackClock "0:00:52"]

1. d4 Nf6 2. c4 g6 3. Nc3 d5 4. cxd5 Nxd5 5. e4 Nxc3 6. bxc3 Bg7 7. Nf3 c5 8. Bb5+ Nc6 9. O-O O-O 10. Bxc6 bxc6 11. Qc2 Qa5 12. a4 Bg4 13. Ne5 Bxe5 14. dxe5 Rab8 15. Be3 Rfd8 16. f4 c4 17. Rac1 Rd3 18. Qf2 Rxc3 19. Bd2 Rbb3 20. Rxc3 Rxc3 21. Qd4 Rd3 22. Qxd3 cxd3 23. Bxa5 c5 24. Rc1 d2 25. Bxd2 1-0


[Site "https://www.chess.com"]

[Event "Titled Tuesday Blitz May 31 Early 2022"]
[White "Bodnaruk, Anastasia"]
[Black "Fier, Alexandr"]
[WhiteFideId "4181751"]
[BlackFideId "2107139"]
[WhiteElo "2332"]
[BlackElo "2571"]
[Result "1-0"]
[Round "04"]
[TimeControl "180+1"]
[Date "2022.06.01"]
[WhiteClock "0:00:04"]
[BlackClock "0:01:46"]

1. e4 Nf6 2. e5 Nd5 3. d4 d6 4. Nf3 g6 5. c4 Nb6 6. Nc3 Bg7 7. exd6 cxd6 8. h3 O-O 9. Be2 Nc6 10. O-O Bf5 11. Bg5 h6 12. Bh4 g5 13. Bg3 d5 14. c5 Nc4 15. b3 N4a5 16. Qd2 e6 17. Rad1 Ne7 18. Nb5 Nac6 19. Nd6 Qd7 20. Ne5 Nxe5 21. dxe5 Bg6 22. Bd3 Nc6 23. Rfe1 f5 24. exf6 Rxf6 25. Bxg6 Rxg6 26. b4 Rf8 27. b5 Nd4 28. Be5 Bxe5 29. Rxe5 Nxb5 30. Qd3 Rgf6 31. Nxb5 Rxf2 32. Qg6+ Qg7 33. Qxg7+ Kxg7 34. Nd4 R8f7 35. Nxe6+ Kf6 36. Rdxd5 Rxa2 37. Re1 Kg6 38. Rd6 Kh7 39. Rd7 Kg6 40. Rxf7 Kxf7 41. Nd8+ Kf6 42. Nxb7 Rb2 43. c6 Rc2 44. Na5 Rc5 45. Ra1 Ke6 46. Nb3 Rc4 47. Rxa7 Kd6 48. Na5 Rc2 49. Rd7+ Ke6 50. Rd4 Rc5 51. Nb7 Rc1+ 52. Kh2 Ke5 53. Rd6 h5 54. Rg6 Kf5 55. Rd6 g4 56. hxg4+ hxg4 57. Kg3 Rc3+ 58. Kh4 Rc1 59. Rd5+ Ke4 60. Rd6 Kf4 61. Rd4+ Kf5 62. Na5 Rc5 63. Rc4 Rxa5 64. c7 Kg6 65. c8=Q Rg5 66. Kg3 Re5 67. Rc6+ Kh7 68. Qd7+ Re7 69. Qxe7+ Kg8 70. Rc8# 1-0


[Site "https://www.chess.com"]

[Event "Titled Tuesday Blitz May 31 Early 2022"]
[White "Chen, Qi b"]
[Black "Petrovic, Aleksa"]
[WhiteFideId "8614733"]
[BlackFideId "967629"]
[WhiteElo "2432"]
[BlackElo "2144"]
[Result "1-0"]
[Round "04"]
[TimeControl "180+1"]
[Date "2022.06.01"]
[WhiteClock "0:00:21"]
[BlackClock "0:00:03"]

1. d4 Nf6 2. c4 e6 3. Nc3 Bb4 4. e3 O-O 5. Bd3 d5 6. cxd5 exd5 7. a3 Bd6 8. Qc2 a6 9. Nge2 b5 10. f3 Nbd7 11. Bd2 c5 12. dxc5 Nxc5 13. O-O g6 14. Rad1 Be5 15. Be1 Nxd3 16. Qxd3 Bf5 17. Qd2 Qb6 18. Bg3 Bxg3 19. hxg3 Rfe8 20. Nd4 Bd7 21. Rfe1 Qd6 22. g4 h5 23. gxh5 gxh5 24. Nce2 Kh7 25. Qd3+ Kh6 26. Nf4 Rg8 27. Nf5+ Bxf5 28. Qxf5 Rg5 29. Qh3 Rag8 30. Kf2 Qc5 31. Rd2 Qc7 32. Red1 Qe5 33. Rd4 Re8 34. R1d3 Re7 35. Ne2 Rc7 36. Rd2 Qe6 37. Nf4 Qxh3 38. Nxh3 Re5 39. Nf4 Rce7 40. R2d3 Kg5 41. Nxd5 Nxd5 42. Rxd5 Rxd5 43. Rxd5+ f5 44. e4 Rf7 45. Ke3 Kh4 46. Rxf5 Rc7 47. Kf4 Rc2 48. g3+ Kh3 49. Rxh5+ Kg2 50. Rh6 Rxb2 51. Rxa6 Rb3 52. g4 Rxf3+ 53. Kg5 Re3 54. Kf5 Kf3 55. e5 Rc3 56. g5 Rc8 57. g6 Rf8+ 58. Rf6 Rg8 59. e6 Rc8 60. g7 Rc5+ 61. Kg6+ Kg4 62. g8=Q Rg5+ 63. Kf7 1-0


[Site "https://www.chess.com"]

[Event "Titled Tuesday Blitz May 31 Early 2022"]
[White "Csonka, Balazs"]
[Black "Keymer, Vincent"]
[WhiteFideId "742910"]
[BlackFideId "12940690"]
[WhiteElo "2404"]
[BlackElo "2548"]
[Result "0-1"]
[Round "04"]
[TimeControl "180+1"]
[Date "2022.05.31"]
[WhiteClock "0:00:01"]
[BlackClock "0:00:53"]

1. d4 Nf6 2. c4 e6 3. Nc3 Bb4 4. Qc2 c5 5. dxc5 O-O 6. Nf3 Na6 7. g3 Nxc5 8. Bg2 Nce4 9. O-O Bxc3 10. bxc3 d5 11. Ng5 Nd6 12. cxd5 exd5 13. Ba3 Bf5 14. Qb3 h6 15. Nh3 Bxh3 16. Bxh3 Re8 17. e3 Nc4 18. Rad1 Qc7 19. Rd4 Ne4 20. Bc1 Rad8 21. Rfd1 Na5 22. Qc2 Qxc3 23. Qxc3 Nxc3 24. R1d2 Nc4 25. Rc2 Ne4 26. Bg2 b5 27. a4 a6 28. axb5 axb5 29. f3 Nc5 30. e4 Nb3 31. Re2 Nxd4 0-1


[Site "https://www.chess.com"]

[Event "Titled Tuesday Blitz May 31 Early 2022"]
[White "Demchenko, Anton"]
[Black "Bekturov, Tamerlan"]
[WhiteFideId "4160258"]
[BlackFideId "13710184"]
[WhiteElo "2539"]
[BlackElo "2151"]
[Result "0-1"]
[Round "04"]
[TimeControl "180+1"]
[Date "2022.05.31"]
[WhiteClock "0:00:03"]
[BlackClock "0:00:17"]

1. e4 c5 2. Nf3 d6 3. d4 cxd4 4. Qxd4 a6 5. Be2 Nc6 6. Qe3 g6 7. O-O Bg7 8. h3 Nf6 9. Rd1 O-O 10. c4 Bd7 11. Nc3 Qb8 12. Bd2 Rc8 13. Rac1 Nd8 14. b3 Ne6 15. Nd5 Nxd5 16. exd5 Nc5 17. Bc3 Bxc3 18. Rxc3 b5 19. Rd4 b4 20. Rc1 Kg7 21. Rh4 h5 22. Nd4 Rh8 23. Re1 Qd8 24. Rf4 a5 25. Bf3 a4 26. Qxe7 Qxe7 27. Rxe7 Rhf8 28. Ne6+ Bxe6 29. dxe6 Nxe6 30. Bxa8 Nxf4 31. Bf3 a3 32. Rb7 Nd3 33. Be4 Nc5 34. Rxb4 Nxe4 35. Ra4 Re8 36. Rxa3 Nc3 37. Ra6 Re1+ 38. Kh2 Ra1 39. a4 Ra3 40. Rxd6 Rxb3 41. a5 Ne4 42. Rd1 Ra3 43. f3 Nc5 44. Rd5 Rxa5 45. h4 Nb3 46. Rd3 Nc5 47. Rd5 Kf6 48. Kg3 Ke6 49. Rd1 Ra4 50. Rf1 Rxc4 51. Re1+ Kf5 52. Ra1 Rc3 53. Ra5 Kf6 54. Rb5 Ne6 55. Rb6 Rc2 56. Ra6 Kf5 57. Ra5+ Rc5 58. Ra6 f6 59. Ra8 g5 60. hxg5 fxg5 61. Re8 h4+ 62. Kh2 Rc2 63. Kg1 Nf4 64. Rf8+ Kg6 65. Rg8+ Kf6 66. Rf8+ Kg7 67. Kh1 Kxf8 0-1


[Site "https://www.chess.com"]

[Event "Titled Tuesday Blitz May 31 Early 2022"]
[White "Devaev, Alexander"]
[Black "Skytte, Rasmus"]
[WhiteFideId "4169395"]
[BlackFideId "1404210"]
[WhiteElo "2185"]
[BlackElo "2430"]
[Result "1-0"]
[Round "04"]
[TimeControl "180+1"]
[Date "2022.06.01"]
[WhiteClock "0:00:11"]
[BlackClock "0:00:11"]

1. Nf3 Nf6 2. c4 e6 3. Nc3 Bb4 4. Qc2 d5 5. e3 O-O 6. a3 Bxc3 7. Qxc3 b6 8. b3 c5 9. Bb2 Bb7 10. Be2 Nc6 11. O-O d4 12. exd4 Ne4 13. Qe3 Nxd4 14. Nxd4 cxd4 15. Bxd4 Nd6 16. Bc3 Nf5 17. Qf4 Qe7 18. Bg4 Nh6 19. Bf3 Bxf3 20. Qxf3 Qd7 21. d4 Rad8 22. Rad1 Rfe8 23. h3 f5 24. Rfe1 Nf7 25. Qg3 Nd6 26. f3 Qf7 27. Re5 f4 28. Qg4 Nf5 29. Qxf4 Qg6 30. Qg4 Qh6 31. Rde1 Kf7 32. d5 g6 33. Kh2 exd5 34. cxd5 Rxe5 35. Rxe5 Qc1 36. Rxf5+ Kg8 37. Bf6 Rf8 38. Rf4 Qc7 39. Qe6+ Rf7 40. Be5 Qb7 41. Rxf7 Qxf7 42. Qxf7+ Kxf7 43. a4 Ke8 44. b4 Kd7 45. b5 h6 46. h4 g5 47. h5 a6 48. g4 Kc8 49. bxa6 b5 50. axb5 Kd7 51. b6 Kc8 52. b7+ Kd7 53. b8=Q Ke7 54. Qd6+ Kf7 55. Qf6+ Ke8 56. Qe6+ Kd8 57. Qf7 Kc8 58. a7 Kd8 59. a8=Q# 1-0


[Site "https://www.chess.com"]

[Event "Titled Tuesday Blitz May 31 Early 2022"]
[White "Dinu, Dumitru-Daniel"]
[Black "Chernobay, Artem"]
[WhiteFideId "1208403"]
[BlackFideId "4167406"]
[WhiteElo "2240"]
[BlackElo "2473"]
[Result "0-1"]
[Round "04"]
[TimeControl "180+1"]
[Date "2022.06.01"]
[WhiteClock "0:00:05"]
[BlackClock "0:00:12"]

1. e4 e5 2. Nf3 Nc6 3. Nc3 Nf6 4. d4 exd4 5. Nxd4 Bb4 6. Nxc6 bxc6 7. Bd3 d5 8. exd5 O-O 9. O-O cxd5 10. h3 Rb8 11. Qf3 Rb6 12. Bg5 Bb7 13. Qg3 h6 14. Bxh6 Nh5 15. Qg4 Rxh6 16. Qxb4 Bc8 17. Be2 Qg5 18. f4 Qh4 19. Bxh5 Rxh5 20. Rf3 Re8 21. Raf1 Bf5 22. Qd4 Bxc2 23. g4 Rh6 24. Qxd5 Rd6 25. Qg5 Qh7 26. f5 Be4 27. Nxe4 Rxe4 28. Re3 f6 29. Rxe4 fxg5 30. Re8+ Kf7 31. Rfe1 Qxh3 32. R1e7+ Kf6 33. Re1 Qxg4+ 34. Kh1 Qf3+ 35. Kg1 Qg3+ 36. Kh1 g4 37. Rf8+ Kg5 38. Rf7 Rh6# 0-1


[Site "https://www.chess.com"]

[Event "Titled Tuesday Blitz May 31 Early 2022"]
[White "Domingo Nunez, Ruben"]
[Black "Xiong, Jeffery"]
[WhiteFideId "22245570"]
[BlackFideId "2047640"]
[WhiteElo "2376"]
[BlackElo "2727"]
[Result "0-1"]
[Round "04"]
[TimeControl "180+1"]
[Date "2022.05.31"]
[WhiteClock "0:00:02"]
[BlackClock "0:00:22"]

1. Nf3 c5 2. g3 Nc6 3. c4 g6 4. Nc3 Bg7 5. Bg2 d6 6. d3 Nh6 7. h3 O-O 8. Bg5 f5 9. Qd2 Nf7 10. Be3 Bd7 11. h4 h6 12. Nd5 e6 13. Nf4 Ne7 14. h5 g5 15. Ng6 Re8 16. d4 cxd4 17. Bxd4 e5 18. Bc3 Bc6 19. O-O-O Rc8 20. Kb1 Be4+ 21. Ka1 Rxc4 22. Ne1 Bc6 23. Qd3 d5 24. Nc2 e4 25. Qxc4 dxc4 26. Rxd8 Nxd8 27. Nxe7+ Rxe7 28. Ne3 Bxc3 29. bxc3 Re5 30. Rd1 Nf7 31. Nxc4 Rc5 32. Nd6 Nxd6 33. Rxd6 e3 34. Bxc6 Rxc6 35. Rd8+ Kf7 36. fxe3 Rxc3 37. Rd7+ Ke6 38. Rh7 Rxe3 39. Rxh6+ Ke5 40. g4 fxg4 41. Rg6 Kf5 42. Rg7 g3 43. h6 g2 0-1


[Site "https://www.chess.com"]

[Event "Titled Tuesday Blitz May 31 Early 2022"]
[White "Wagner, Dinara"]
[Black "Vajda, Levente"]
[WhiteFideId "24157570"]
[BlackFideId "1203975"]
[WhiteElo "2216"]
[BlackElo "2573"]
[Result "1/2-1/2"]
[Round "04"]
[TimeControl "180+1"]
[Date "2022.06.01"]
[WhiteClock "0:00:22"]
[BlackClock "0:00:05"]

1. d4 Nf6 2. Nf3 d5 3. c4 e6 4. g3 Be7 5. Bg2 O-O 6. O-O dxc4 7. Qc2 a6 8. a4 Bd7 9. Qxc4 Bc6 10. Bg5 Bd5 11. Qc2 Be4 12. Qc1 Nc6 13. e3 Nd5 14. Bxe7 Qxe7 15. Nbd2 Bg6 16. Rd1 Rfd8 17. Nc4 f6 18. Nh4 Bf7 19. e4 Ndb4 20. Nf3 Bh5 21. Qc3 a5 22. Rd2 Bxf3 23. Bxf3 e5 24. dxe5 fxe5 25. Rad1 Rxd2 26. Rxd2 Rf8 27. Bg2 b6 28. Ne3 Nd4 29. Nf5 Nxf5 30. exf5 Rxf5 31. Qc4+ Kh8 32. Qb5 Rf8 33. Rd7 Qf6 34. Qe2 c5 35. Be4 Nc6 36. Bxc6 Qxc6 37. Re7 Qxa4 38. Rxe5 h6 39. Re6 Qb3 40. Qe5 Qd1+ 41. Kg2 Qf3+ 42. Kh3 Qxf2 43. Rxh6+ Kg8 44. Qe6+ Qf7 45. Qxf7+ Kxf7 46. Rxb6 Rh8+ 47. Kg2 Rd8 48. Rb5 Rd2+ 49. Kh3 c4 50. Rxa5 Rxb2 51. Rc5 Rc2 52. Kg4 Ke6 53. h4 Kd6 54. Rc8 Kd7 55. Rc5 Kd6 56. Rc8 Kd7 57. Rc5 Kd6 1/2-1/2


[Site "https://www.chess.com"]

[Event "Titled Tuesday Blitz May 31 Early 2022"]
[White "Dubov, Daniil"]
[Black "Daneshvar, Bardiya"]
[WhiteFideId "24126055"]
[BlackFideId "12576468"]
[WhiteElo "2791"]
[BlackElo "2330"]
[Result "1-0"]
[Round "04"]
[TimeControl "180+1"]
[Date "2022.05.31"]
[WhiteClock "0:00:25"]
[BlackClock "0:00:36"]

1. d4 c5 2. d5 e5 3. e4 d6 4. Nc3 a6 5. a4 Be7 6. a5 Bg5 7. Bxg5 Qxg5 8. Nf3 Qd8 9. Nd2 Ne7 10. Nc4 O-O 11. Bd3 Ng6 12. g3 Bh3 13. Qh5 Bc8 14. Na4 Nd7 15. Qe2 Nf6 16. Nab6 Rb8 17. f3 Bh3 18. Qe3 Qc7 19. O-O-O Bd7 20. f4 exf4 21. gxf4 Rfe8 22. f5 Ne5 23. Rhg1 Nxc4 24. Qh6 g6 25. fxg6 fxg6 26. Rxg6+ hxg6 27. Qxg6+ 1-0


[Site "https://www.chess.com"]

[Event "Titled Tuesday Blitz May 31 Early 2022"]
[White "Eljanov, Pavel"]
[Black "Sjoberg, Isak"]
[WhiteFideId "14102951"]
[BlackFideId "1521640"]
[WhiteElo "2601"]
[BlackElo "2037"]
[Result "1-0"]
[Round "04"]
[TimeControl "180+1"]
[Date "2022.06.01"]
[WhiteClock "0:00:17"]
[BlackClock "0:00:15"]

1. Nf3 g6 2. e4 Bg7 3. d4 d6 4. c4 b6 5. Nc3 Bb7 6. Be2 Nd7 7. O-O e6 8. Be3 Ne7 9. Qd2 h6 10. h3 g5 11. b4 a5 12. a3 O-O 13. d5 e5 14. c5 bxc5 15. bxc5 Ba6 16. c6 Bxe2 17. Qxe2 Nf6 18. Nd2 Ng6 19. g3 Qc8 20. Kg2 Nf4+ 21. gxf4 gxf4 22. Bb6 cxb6 23. Nc4 Qd8 24. Nb5 Ne8 25. Kh2 f5 26. Rg1 fxe4 27. Qxe4 f3 28. c7 Nxc7 29. Rxg7+ Kxg7 30. Rg1+ Kh8 31. Qg6 Qf6 32. Nxc7 Rac8 33. Ne6 Rxc4 34. Nxf8 Qxf8 35. Qe6 Rc2 36. h4 Rxf2+ 37. Kh3 Rg2 38. Rc1 Qg7 39. Rc8+ Kh7 40. Qf5+ Qg6 41. Rc7+ Kh8 42. Qf8+ Qg8 43. Qxh6+ 1-0


[Site "https://www.chess.com"]

[Event "Titled Tuesday Blitz May 31 Early 2022"]
[White "Ezat, Mohamed"]
[Black "Svane, Rasmus"]
[WhiteFideId "10600906"]
[BlackFideId "4657101"]
[WhiteElo "2386"]
[BlackElo "2674"]
[Result "0-1"]
[Round "04"]
[TimeControl "180+1"]
[Date "2022.05.31"]
[WhiteClock "0:00:43"]
[BlackClock "0:00:55"]

1. d4 Nf6 2. c4 e6 3. Nc3 Bb4 4. e3 O-O 5. a3 Bxc3+ 6. bxc3 c5 7. Bd3 Nc6 8. Ne2 b6 9. O-O Ba6 10. e4 Ne8 11. f4 f5 12. d5 Na5 13. Ng3 Nd6 14. Qe2 Bxc4 15. Rd1 Bxd3 16. Rxd3 fxe4 17. Nxe4 Nxe4 18. Qxe4 Qf6 19. Ra2 Rae8 20. c4 exd5 21. Qxd5+ Qf7 22. Kf2 Nxc4 23. g3 Ne5 24. Qxf7+ Rxf7 25. Rd6 Ng4+ 26. Kg2 Nf6 27. Kf3 Rfe7 28. f5 Re1 29. Bf4 h5 30. h3 Rf1+ 31. Kg2 Ree1 32. Rdd2 h4 33. Rf2 Rg1+ 34. Kf3 hxg3 35. Bxg3 Rxg3+ 36. Kxg3 Ne4+ 37. Kf3 Nxf2 38. Kxf2 Re5 0-1


[Site "https://www.chess.com"]

[Event "Titled Tuesday Blitz May 31 Early 2022"]
[White "Fedoseev, Vladimir"]
[Black "Fantinel, Thibault"]
[WhiteFideId "24130737"]
[BlackFideId "663395"]
[WhiteElo "2726"]
[BlackElo "2349"]
[Result "1-0"]
[Round "04"]
[TimeControl "180+1"]
[Date "2022.05.31"]
[WhiteClock "0:00:02"]
[BlackClock "0:00:04"]

1. e4 c5 2. Nf3 e6 3. d4 cxd4 4. Nxd4 Nc6 5. Nc3 Qc7 6. g4 a6 7. Nxc6 bxc6 8. Qe2 Bb4 9. Qc4 a5 10. a3 Ba6 11. Qd4 e5 12. Qe3 Be7 13. Bxa6 Rxa6 14. Qd3 Ra8 15. Be3 Nf6 16. g5 Nh5 17. O-O-O d6 18. Qc4 Qb7 19. Rd3 O-O 20. Rhd1 Rab8 21. Na4 Rfd8 22. h4 g6 23. Rb3 Qd7 24. Nb6 Qe8 25. Rdd3 Ng7 26. Rdc3 c5 27. Nd5 Ne6 28. Rxb8 Rxb8 29. Rb3 Rxb3 30. Qxb3 Kg7 31. Qb7 Bf8 32. Nf6 Qa4 33. h5 gxh5 34. Nxh5+ Kg6 35. Nf6 Qc4 36. Kd2 Nf4 37. Bxf4 Qd4+ 38. Ke2 exf4 39. Qd7 Qxb2 40. Qf5+ 1-0


[Site "https://www.chess.com"]

[Event "Titled Tuesday Blitz May 31 Early 2022"]
[White "Gaehwiler, Gabriel"]
[Black "Niemann, Hans Moke"]
[WhiteFideId "1314530"]
[BlackFideId "2093596"]
[WhiteElo "2383"]
[BlackElo "2632"]
[Result "0-1"]
[Round "04"]
[TimeControl "180+1"]
[Date "2022.05.31"]
[WhiteClock "0:00:34"]
[BlackClock "0:00:35"]

1. d4 Nf6 2. c4 g6 3. g3 c5 4. Bg2 cxd4 5. Nf3 e5 6. O-O Nc6 7. e3 dxe3 8. Bxe3 Bg7 9. Bc5 Bf8 10. Be3 Ng4 11. Nc3 Nxe3 12. fxe3 Bc5 13. Nd5 d6 14. Kh1 Be6 15. Nd2 f5 16. e4 O-O 17. a3 a6 18. Qb3 Nd4 19. Qd3 Kh8 20. Rae1 Qd7 21. b4 Ba7 22. Nb3 Rac8 23. Nxd4 Bxd4 24. Qd2 Rxc4 25. Rc1 b5 26. Ne3 Rxc1 27. Rxc1 fxe4 28. Bxe4 Bh3 29. Nd5 Qf7 30. Qe2 Qf2 31. Qxf2 Rxf2 32. Nc7 Bb2 33. Rb1 Bxa3 34. Nxa6 Re2 35. Bd3 Rd2 36. Bxb5 Bf5 37. Re1 Rb2 38. Rd1 Bxb4 0-1


[Site "https://www.chess.com"]

[Event "Titled Tuesday Blitz May 31 Early 2022"]
[White "Gokerkan, Cem Kaan"]
[Black "Taboas Rodriguez, Daniel"]
[WhiteFideId "6336760"]
[BlackFideId "2208466"]
[WhiteElo "2382"]
[BlackElo "2429"]
[Result "1-0"]
[Round "04"]
[TimeControl "180+1"]
[Date "2022.06.01"]
[WhiteClock "0:00:07"]
[BlackClock "0:00:08"]

1. d4 Nf6 2. Nf3 g6 3. g3 b6 4. Bg2 Bb7 5. O-O Bg7 6. c4 O-O 7. b3 c5 8. Bb2 Ne4 9. Qc2 cxd4 10. Bxd4 Nf6 11. Rd1 Nc6 12. Bb2 d6 13. Nc3 Rc8 14. Rac1 Qc7 15. Nd5 Qd8 16. Nxf6+ exf6 17. Ba3 Re8 18. Rxd6 Qc7 19. Rcd1 Rcd8 20. e3 f5 21. c5 Bf8 22. cxb6 axb6 23. Rxd8 Rxd8 24. Rxd8 Qxd8 25. Bxf8 Qxf8 26. Qc3 Qa3 27. Ng5 Qc5 28. Qxc5 bxc5 29. Bd5 Nd8 30. Bxb7 Nxb7 31. Kf1 f6 32. Nf3 Kf7 33. Ke2 Ke6 34. Kd3 Kd5 35. Nd2 Nd6 36. a4 g5 37. Nc4 Ne8 38. f3 Nc7 39. Na3 Na6 40. Nc2 h5 41. Kc3 g4 42. fxg4 fxg4 43. Kd3 f5 44. a5 Nc7 45. b4 Nb5 46. bxc5 Kxc5 47. Nd4 Nd6 48. Ne6+ Kb5 49. Kd4 Kxa5 50. Ke5 Nc4+ 51. Kf4 Kb4 52. Ng7 Kc3 53. Nxf5 Kd3 54. e4 Ke2 55. e5 Kf2 56. e6 Nb6 57. Kg5 Nd5 58. e7 Nxe7 59. Nxe7 Kg2 60. Kxh5 Kh3 61. Kg5 Kxh2 62. Kxg4 1-0


[Site "https://www.chess.com"]

[Event "Titled Tuesday Blitz May 31 Early 2022"]
[White "Goltsev, Dmitry"]
[Black "Koellner, Ruben Gideon"]
[WhiteFideId "24176710"]
[BlackFideId "12993093"]
[WhiteElo "2258"]
[BlackElo "2555"]
[Result "1-0"]
[Round "04"]
[TimeControl "180+1"]
[Date "2022.06.01"]
[WhiteClock "0:00:55"]
[BlackClock "0:00:02"]

1. e4 d6 2. d4 Nf6 3. Nc3 e5 4. dxe5 dxe5 5. Qxd8+ Kxd8 6. Nf3 Bd6 7. Bc4 Be6 8. Bxe6 fxe6 9. Be3 Ke7 10. O-O-O Nc6 11. h3 a6 12. a3 b5 13. Rd3 Rhb8 14. Nd2 a5 15. Nb3 b4 16. axb4 axb4 17. Ne2 Nxe4 18. Rhd1 Na5 19. f3 Nxb3+ 20. cxb3 Nf6 21. Kc2 e4 22. fxe4 Nxe4 23. Nd4 Ra6 24. Re1 Nc5 25. Bg5+ Kd7 26. Rde3 h6 27. Bh4 Bf4 28. Rf3 g5 29. Bf2 Rf8 30. g3 Bd6 31. Rxf8 Bxf8 32. Nf3 Bd6 33. Nd4 Ra8 34. Be3 Rf8 35. Rg1 e5 36. Nb5 Rf3 37. Bd2 Ne4 38. Nxd6 cxd6 39. Bxb4 d5 40. Rd1 d4 41. Re1 Nf2 42. Rxe5 Rxg3 43. Rd5+ Ke6 44. Rxd4 Nxh3 45. Rd6+ Kf5 46. Rxh6 Nf4 47. Bd6 Rg2+ 48. Kb1 Nd3 49. Ba3 Rg1+ 50. Kc2 Nf4 51. b4 g4 52. b5 g3 53. b6 1-0


[Site "https://www.chess.com"]

[Event "Titled Tuesday Blitz May 31 Early 2022"]
[White "Golubev, Mikhail"]
[Black "Abdrlauf, Elham"]
[WhiteFideId "14100983"]
[BlackFideId "1533533"]
[WhiteElo "2374"]
[BlackElo "2371"]
[Result "0-1"]
[Round "04"]
[TimeControl "180+1"]
[Date "2022.05.31"]
[WhiteClock "0:00:12"]
[BlackClock "0:00:41"]

1. e4 e5 2. Nf3 Nc6 3. Bb5 a6 4. Ba4 d6 5. c3 Bd7 6. d4 Nf6 7. O-O Be7 8. Re1 O-O 9. h3 Re8 10. Nbd2 Bf8 11. Bc2 exd4 12. cxd4 Nb4 13. Bb1 Bb5 14. Nf1 d5 15. e5 Ne4 16. a3 Nc6 17. Ne3 Na5 18. Nxd5 Nxf2 19. Kxf2 Qxd5 20. Be4 Qd7 21. Qc2 g6 22. a4 Bc6 23. Bd2 Bxe4 24. Qxe4 Nc4 25. Bc3 c6 26. Rad1 b5 27. d5 Bc5+ 28. Kf1 cxd5 29. Rxd5 Qc6 30. b3 Ne3+ 31. Rxe3 Bxe3 32. Bb2 bxa4 33. bxa4 Rab8 0-1


[Site "https://www.chess.com"]

[Event "Titled Tuesday Blitz May 31 Early 2022"]
[White "Gong, Patrick"]
[Black "Goldin, Roman"]
[WhiteFideId "3222500"]
[BlackFideId "2803860"]
[WhiteElo "2103"]
[BlackElo "2312"]
[Result "1-0"]
[Round "04"]
[TimeControl "180+1"]
[Date "2022.06.01"]
[WhiteClock "0:00:29"]
[BlackClock "0:00:01"]

1. d4 Nf6 2. c4 Nc6 3. Nf3 e6 4. Nc3 Bb4 5. Qc2 d6 6. Bd2 O-O 7. a3 Bxc3 8. Bxc3 Qe7 9. e3 e5 10. Be2 Bg4 11. dxe5 dxe5 12. h3 Bh5 13. O-O a5 14. Rad1 Bg6 15. Qb3 Rfb8 16. Qb5 Nd7 17. Nh4 a4 18. Nxg6 hxg6 19. Bg4 Nc5 20. Rd5 Ne4 21. Rd7 Qf6 22. Be1 Nd6 23. Qd5 Ne8 24. Bc3 Rd8 25. Qb5 Nd6 26. Qd5 Ne8 27. Rxd8 Rxd8 28. Qb5 Nd6 29. Qxa4 Qe7 30. c5 Ne8 31. Qb5 f5 32. Be2 Rb8 33. Rd1 Nf6 34. Bc4+ Kf8 35. b4 Ne4 36. Be1 Nd8 37. Rd7 Qe8 38. Rxc7 Qxb5 39. Bxb5 Ne6 40. Rd7 Nf6 41. Rd6 1-0


[Site "https://www.chess.com"]